 Dungeon Crawl Stone Soup version 0.21.1-1-g345015fe64 (webtiles) character file.

161 PikkenKukken the Chiller (level 5, 0/36 HPs)
             Began as a Merfolk Ice Elementalist on June 9, 2018.
             Slain by an orc wizard
             ... wielding a +0 dagger
              (1 damage)
             ... on level 3 of the Dungeon.
             The game lasted 00:10:54 (3323 turns).

PikkenKukken the Chiller (Merfolk Ice Elementalist) Turns: 3323, Time: 00:10:54

Health: 0/36       AC:  2    Str:  9    XL:     5   Next: 42%
Magic:  4/9        EV: 13    Int: 15    God:
Gold:   109        SH:  0    Dex: 14    Spells: 2/10 levels left

rFire    . . .     SeeInvis .   f - +2 short sword (speed)
rCold    . . .     Gourm    .   (no shield)
rNeg     . . .     Faith    .   a - +0 robe
rPois    .         Spirit   .   (no helmet)
rElec    .         Reflect  .   (no cloak)
rCorr    .         Harm     .   (no gloves)
MR       .....                  (no boots)
Stlth    ++........             (no amulet)
HPRegen  0.12/turn              (no ring)
MPRegen  0.11/turn              (no ring)

@: slowed, very slow
A: change form in water, swift swim, stealthy swim
a: no special abilities


You were on level 3 of the Dungeon.
You were not hungry.

You visited 1 branch of the dungeon, and saw 3 of its levels.

You collected 109 gold pieces.

Inventory:

Hand Weapons
 f - a +2 short sword of speed (weapon)
Armour
 a - a +0 robe (worn)
 d - a +0 shield
Scrolls
 e - 3 scrolls of identify
Potions
 g - a potion of ambrosia
Books
 b - a book of Frost

   Spells                             Type                      Level
   a - Freeze                         Ice                          1
   b - Throw Frost                    Conjuration/Ice              2
   c - Ozocubu's Armour               Charms/Ice                   3
   d - Throw Icicle                   Conjuration/Ice              4
   e - Summon Ice Beast               Ice/Summoning                4
 i - a book of Maledictions

   Spells                             Type                      Level
   a - Corona                         Hexes                        1
   b - Ensorcelled Hibernation        Hexes/Ice                    2
   c - Confuse                        Hexes                        3
   d - Tukima's Dance                 Hexes                        3
   e - Dazzling Spray                 Conjuration/Hexes            3
Comestibles
 c - a ration
 j - a chunk of flesh


   Skills:
 + Level 0.5 Fighting
 + Level 2.2 Short Blades
 * Level 3.4 Dodging
 - Level 2.4 Stealth
 + Level 3.0 Spellcasting
 * Level 1.3 Conjurations
 + Level 0.8 Charms
 + Level 4.3 Ice Magic


You had 2 spell levels left.
You knew the following spells:

 Your Spells              Type           Power        Failure   Level  Hunger
a - Freeze                Ice            ###.         3%          1    #......
b - Throw Frost           Conj/Ice       ##....       10%         2    ##.....
c - Ozocubu's Armour      Chrm/Ice       ##......     21%         3    ###....
d - Ensorcelled Hibernat  Hex/Ice        #.....       12%         2    ##.....


Dungeon Overview and Level Annotations

Branches:
Dungeon (3/15)

Altars:
Cheibriados


Message History

It is a scroll of identify.
g - a potion of ambrosia The orc wizard hits you with a dagger.
The orc misses you.
The orc wizard casts a spell.
The orc wizard blinks!
The jackal barks!
The orc hits you from afar with a trident.
* * * LOW HITPOINT WARNING * * *
The ball python closely misses you. The ball python barely misses you.
The orc completely misses you. The ball python completely misses you.
The ball python closely misses you. The orc barely misses you.
A goblin comes into view.
The goblin moves out of view.
The ball python closely misses you. The ball python barely misses you.
The orc hits you from afar with a trident.
* * * LOW HITPOINT WARNING * * *
The jackal bites you.
* * * LOW HITPOINT WARNING * * *
The orc wizard hits you with a dagger.
You die...

#.......'.####...#
#.......#.#..'...#
#.......#.#.##...#
#.$.....#.#..#...#
#.......#.#..#...#
#.oo....#)##.#...#
#..S....)....#...###
#.oh....######.##...
#..@...?..! #.##.##
#........#.###.#...#
......................
g.#.######.#.#.
##.#)..# ... .#.#
#.###.# ... . # #.#
... . #.. .. ###


You could see an orc wizard, 2 orcs, a jackal, a goblin (wandering) and a ball
python.

Vanquished Creatures
  A crimson imp (D:2)
  7 adders
  4 worms (D:2)
  2 leopard geckos
  An orc (D:3)
  3 giant cockroaches
  9 goblins
  4 hobgoblins
  5 jackals
  3 bats
  3 frilled lizards
  6 kobolds
  4 rats
52 creatures vanquished.

Notes
Turn   | Place    | Note
-------+----------+-------------------------------------------
     0 | D:1      | PikkenKukken the Merfolk Ice Elementalist began the quest for the Orb.
     0 | D:1      | Reached XP level 1. HP: 13/13 MP: 3/3
   162 | D:1      | Reached XP level 2. HP: 8/19 MP: 0/5
   478 | D:1      | Learned a level 2 spell: Throw Frost
  1242 | D:2      | Noticed a crimson imp
  1332 | D:2      | Reached XP level 3. HP: 14/24 MP: 2/6
  1531 | D:2      | Reached skill level 1 in Short Blades
  1802 | D:2      | Learned a level 3 spell: Ozocubu's Armour
  1837 | D:2      | Reached skill level 4 in Ice Magic
  2149 | D:2      | Reached skill level 1 in Conjurations
  2149 | D:2      | Reached XP level 4. HP: 25/30 MP: 5/7
  2465 | D:2      | Found a snail-covered altar of Cheibriados.
  2708 | D:2      | Learned a level 2 spell: Ensorcelled Hibernation
  2781 | D:2      | Reached XP level 5. HP: 18/35 MP: 5/9
  3322 | D:3      | HP: 1/36 [jackal (2)]
  3323 | D:3      | Slain by an orc wizard

Skill      XL: |  1  2  3  4  5 |
---------------+----------------+-----
Short Blades   | 1 2 |  2.2
Ice Magic      | 4 |  4.3
Dodging        | 3 |  3.4
Conjurations   | 1 |  1.3
Spellcasting   | 3 |  3.0
Fighting       | |  0.5
Stealth        | |  2.4
Charms         | |  0.8

Action                   |  1- 3 |  4- 6 || total
-------------------------+-------+-------++-------
Melee: Club              |    10 |       ||    10
       Short sword       |    37 |    59 ||    96
 Cast: Freeze            |    32 |    21 ||    53
       Throw Frost       |    15 |    11 ||    26
       Ozocubu's Armour  |       |     3 ||     3
       Ensorcelled Hiber |       |     2 ||     2
  Use: Scroll            |     2 |     1 ||     3
       Potion            |     2 |     1 ||     3
 Stab: Sleeping          |     1 |       ||     1
  Eat: Chunk             |     5 |     2 ||     7
       Ration            |       |     1 ||     1
Armor: Robe              |     9 |    14 ||    23
Dodge: Dodged            |    45 |    54 ||    99
